| TOP OF THE 1ST |
|
Boise Hawks batting - Pitching for Brooklyn Cyclones : LHP Steve Kelly
|
|
Pitching: LHP Steve Kelly
|
|
|
Batting: LHB Greg Valenzuela
|
0-0: Ball 1-0: Foul Ball, location: 2F 1-1: Swinging Strike 1-2: Ball 2-2: SINGLE (Groundball, 34D, EV 81.9 MPH) (infield hit)
|
|
Batting: RHB Elias Urbina
|
0-0: Swinging Strike 0-1: Ball Greg Valenzuela steals 2nd base 1-1: Swinging Strike 1-2: Strikes out swinging
|
|
Batting: RHB Ryan Rinaldi
|
0-0: Called Strike 0-1: SINGLE (Line Drive, 8RM, EV 87.5 MPH) Greg Valenzuela to third
|
|
Batting: RHB Henry Alvizo
|
0-0: Called Strike 0-1: Foul Ball, location: 2F 0-2: Ball Ryan Rinaldi is caught stealing 2nd base 2-4 1-2: SINGLE (Groundball, 56D, EV 110.6 MPH) Greg Valenzuela scores
|
|
Batting: RHB Tyler Stebbins
|
0-0: Foul Ball, location: 2F 0-1: Ball 1-1: Ball 2-1: DOUBLE (Line Drive, 8LD, EV 106.9 MPH) Henry Alvizo to third Runner from 3rd tries for Home, SAFE, throw by CF to trailing runner, SAFE at third!
|
|
Batting: LHB Glenn Lowther
|
0-0: Ball 1-0: Fly out, F8 (Flyball, 78D, EV 100.0 MPH)
|
| Top of the 1st over - 2 runs, 4 hits, 0 errors, 1 left on base; Boise 2 - Brooklyn 0 |
| BOTTOM OF THE 1ST |
|
Brooklyn Cyclones batting - Pitching for Boise Hawks : RHP Angelo Ayala
|
|
Pitching: RHP Angelo Ayala
|
|
|
Batting: RHB Tony Oria
|
0-0: Fly out, F6 (Popup, 6M, EV 60.0 MPH)
|
|
Batting: RHB Mario Trujillo
|
0-0: Ball 1-0: Called Strike 1-1: Bunt missed! 1-2: Foul Ball, location: 2F 1-2: Ball 2-2: Foul Ball, location: 2F 2-2: Ball 3-2: Foul Ball, location: 2F 3-2: SINGLE (Groundball, 6MD, EV 100.0 MPH)
|
|
Batting: LHB Kodai Furuki
|
0-0: Ball 1-0: Foul Ball, location: 2F 1-1: Ball 2-1: Called Strike 2-2: Foul Ball, location: 2F 2-2: Strikes out swinging
|
|
Batting: LHB Adam Barry
|
0-0: Ball 1-0: Ball 2-0: Called Strike 2-1: Called Strike Mario Trujillo steals 2nd base 2-2: Ground out 3-1 (Groundball, 34, EV 86.2 MPH)
|
| Bottom of the 1st over - 0 runs, 1 hit, 0 errors, 1 left on base; Boise 2 - Brooklyn 0 |
| TOP OF THE 2ND |
|
Boise Hawks batting - Pitching for Brooklyn Cyclones : LHP Steve Kelly
|
|
Batting: RHB Eric Delgado
|
0-0: Ball 1-0: Ball 2-0: Swinging Strike 2-1: Ground out 6-3 (Groundball, 6, EV 107.5 MPH)
|
|
Batting: SHB Jamie Locke
|
0-0: Called Strike 0-1: Ball 1-1: Foul Ball, location: 2F 1-2: Ball 2-2: Foul Ball, location: 2F 2-2: Strikes out swinging
|
|
Batting: LHB Zane Kelton
|
0-0: Called Strike 0-1: Foul Ball, location: 2F 0-2: Foul Ball, location: 2F 0-2: Strikes out swinging
|
| Top of the 2nd over - 0 runs, 0 hits, 0 errors, 0 left on base; Boise 2 - Brooklyn 0 |
| BOTTOM OF THE 2ND |
|
Brooklyn Cyclones batting - Pitching for Boise Hawks : RHP Angelo Ayala
|
|
Batting: RHB Leo Roman
|
0-0: Swinging Strike 0-1: Called Strike 0-2: Strikes out swinging
|
|
Batting: RHB Allen Wozniak
|
0-0: Foul Ball, location: 2F 0-1: Ball 1-1: Ground out 6-3 (Groundball, 6MS, EV 86.2 MPH)
|
|
Batting: RHB Rongo Olopoto
|
0-0: Called Strike 0-1: Swinging Strike 0-2: Ball 1-2: Foul Ball, location: 2F 1-2: SINGLE (Line Drive, 78S, EV 88.8 MPH)
|
|
Batting: LHB Manny Caldera
|
0-0: Ball 1-0: Ball 2-0: Ball 3-0: Called Strike 3-1: Base on Balls Rongo Olopoto to second
|
|
Batting: RHB Hyeok Kim
|
0-0: Called Strike 0-1: Fielders Choice at 2nd, 5-4 (Groundball, 56, EV 89.4 MPH)
|
| Bottom of the 2nd over - 0 runs, 1 hit, 0 errors, 2 left on base; Boise 2 - Brooklyn 0 |
| TOP OF THE 3RD |
|
Boise Hawks batting - Pitching for Brooklyn Cyclones : LHP Steve Kelly
|
|
Batting: LHB Greg Valenzuela
|
0-0: Called Strike 0-1: Ball 1-1: Swinging Strike 1-2: Ball 2-2: Strikes out swinging
|
|
Batting: RHB Elias Urbina
|
0-0: Called Strike 0-1: Ball 1-1: SINGLE (Line Drive, 8RS, EV 105.6 MPH)
|
|
Batting: RHB Ryan Rinaldi
|
0-0: Ball 1-0: Called Strike 1-1: Foul Ball, location: 2F 1-2: Fielders Choice at 2nd, 2-4 (Groundball, 15S, EV 69.4 MPH)
|
|
Batting: RHB Henry Alvizo
|
0-0: Ball Ryan Rinaldi steals 2nd base 1-0: Foul Ball, location: 2F 1-1: Called Strike 1-2: Strikes out swinging
|
| Top of the 3rd over - 0 runs, 1 hit, 0 errors, 1 left on base; Boise 2 - Brooklyn 0 |
| BOTTOM OF THE 3RD |
|
Brooklyn Cyclones batting - Pitching for Boise Hawks : RHP Angelo Ayala
|
|
Batting: RHB Tony Oria
|
0-0: Called Strike 0-1: Foul Ball, location: 2F 0-2: Ball 1-2: Strikes out swinging
|
|
Batting: RHB Mario Trujillo
|
0-0: Ball 1-0: Ball 2-0: Ball 3-0: Called Strike 3-1: Ground out 6-3 (Groundball, 56, EV 85.6 MPH)
|
|
Batting: LHB Kodai Furuki
|
0-0: Swinging Strike 0-1: Ball 1-1: Swinging Strike 1-2: Ball 2-2: Fly out, F9 (Flyball, 89XD, EV 91.9 MPH)
|
| Bottom of the 3rd over - 0 runs, 0 hits, 0 errors, 0 left on base; Boise 2 - Brooklyn 0 |
| TOP OF THE 4TH |
|
Boise Hawks batting - Pitching for Brooklyn Cyclones : LHP Steve Kelly
|
|
Batting: RHB Tyler Stebbins
|
0-0: Swinging Strike 0-1: Ball 1-1: Swinging Strike 1-2: Strikes out looking
|
|
Batting: LHB Glenn Lowther
|
0-0: Ground out U3 (Groundball, 3, EV 101.2 MPH)
|
|
Batting: RHB Eric Delgado
|
0-0: Called Strike 0-1: Ball 1-1: Ball 2-1: Foul Ball, location: 2F 2-2: Foul Ball, location: 2F 2-2: Ball 3-2: Strikes out swinging
|
| Top of the 4th over - 0 runs, 0 hits, 0 errors, 0 left on base; Boise 2 - Brooklyn 0 |
| BOTTOM OF THE 4TH |
|
Brooklyn Cyclones batting - Pitching for Boise Hawks : RHP Angelo Ayala
|
|
Batting: LHB Adam Barry
|
0-0: Called Strike 0-1: Ball 1-1: Ball 2-1: Swinging Strike 2-2: Strikes out swinging
|
|
Batting: RHB Leo Roman
|
0-0: Ball 1-0: Swinging Strike 1-1: Foul Ball, location: 2F 1-2: Ball 2-2: Ground out 5-3 (Groundball, 56, EV 81.2 MPH)
|
|
Batting: RHB Allen Wozniak
|
0-0: Ball 1-0: Swinging Strike 1-1: SINGLE (Groundball, 56D, EV 105.6 MPH)
|
|
Batting: RHB Rongo Olopoto
|
0-0: Ball Passed Ball! Allen Wozniak to second 1-0: Ball 2-0: Ball 3-0: Base on Balls
|
|
Batting: LHB Manny Caldera
|
0-0: Foul Ball, location: 2F 0-1: Swinging Strike 0-2: Ball 1-2: Ball 2-2: Strikes out swinging
|
| Bottom of the 4th over - 0 runs, 1 hit, 0 errors, 2 left on base; Boise 2 - Brooklyn 0 |
| TOP OF THE 5TH |
|
Boise Hawks batting - Pitching for Brooklyn Cyclones : LHP Steve Kelly
|
|
Batting: SHB Jamie Locke
|
0-0: Ball 1-0: TRIPLE (Flyball, 89XD, EV 105.0 MPH)
|
|
Batting: LHB Zane Kelton
|
0-0: Foul Ball, location: 2F 0-1: Ball 1-1: Called Strike 1-2: Fly out, F7 (Flyball, 7S, EV 85.0 MPH)
|
|
Batting: LHB Greg Valenzuela
|
0-0: SINGLE (Line Drive, 89S, EV 103.1 MPH) Jamie Locke scores
|
|
Batting: RHB Elias Urbina
|
0-0: Called Strike 0-1: DOUBLE (Line Drive, 9LD, EV 108.8 MPH) Greg Valenzuela to third
|
|
Batting: RHB Ryan Rinaldi
|
0-0: Ball 1-0: Ball 2-0: Called Strike 2-1: Foul Ball, location: 2F 2-2: Ball 3-2: Strikes out looking
|
|
Batting: RHB Henry Alvizo
|
0-0: Ball 1-0: Foul Ball, location: 2F 1-1: Swinging Strike 1-2: Strikes out swinging
|
| Top of the 5th over - 1 run, 3 hits, 0 errors, 2 left on base; Boise 3 - Brooklyn 0 |
| BOTTOM OF THE 5TH |
|
Brooklyn Cyclones batting - Pitching for Boise Hawks : RHP Angelo Ayala
|
|
Batting: RHB Hyeok Kim
|
0-0: Ball 1-0: Fly out, F7 (Flyball, 7, EV 83.1 MPH)
|
|
Batting: RHB Tony Oria
|
0-0: Ground out 5-3 (Groundball, 56, EV 106.2 MPH)
|
|
Batting: RHB Mario Trujillo
|
0-0: Ball 1-0: Called Strike 1-1: Ground out 4-3 (Groundball, 4, EV 85.0 MPH)
|
| Bottom of the 5th over - 0 runs, 0 hits, 0 errors, 0 left on base; Boise 3 - Brooklyn 0 |
| TOP OF THE 6TH |
|
Boise Hawks batting - Pitching for Brooklyn Cyclones : LHP Steve Kelly
|
|
Pitching: RHP Alastair Henry
|
|
|
Batting: RHB Tyler Stebbins
|
0-0: Swinging Strike 0-1: Ball 1-1: Foul Ball, location: 2F 1-2: Strikes out swinging, 2-3 out at first.
|
|
Batting: LHB Glenn Lowther
|
0-0: Ball 1-0: Reached on error, E3 (Groundball, 34, EV 106.2 MPH)
|
|
Batting: RHB Eric Delgado
|
0-0: Ball Glenn Lowther steals 3rd base (no throw) 1-0: Ground out 4-3 (Groundball, 34, EV 85.6 MPH) Glenn Lowther scores
|
|
Batting: SHB Jamie Locke
|
0-0: Ball 1-0: Ball 2-0: Ball 3-0: Called Strike 3-1: SINGLE (Line Drive, 8RM, EV 96.2 MPH)
|
|
Batting: LHB Zane Kelton
|
0-0: Ball Jamie Locke steals 2nd base (no throw) 1-0: Hit by Pitch
|
|
Batting: LHB Greg Valenzuela
|
Balk! Jamie Locke to third Zane Kelton to second 0-0: Ball 1-0: Ball 2-0: Foul Ball, location: 2F 2-1: Fly out, F8 (Flyball, 8LM, EV 88.8 MPH)
|
| Top of the 6th over - 1 run, 1 hit, 1 error, 2 left on base; Boise 4 - Brooklyn 0 |
| BOTTOM OF THE 6TH |
|
Brooklyn Cyclones batting - Pitching for Boise Hawks : RHP Angelo Ayala
|
|
Batting: LHB Kodai Furuki
|
0-0: Ground out 6-3 (Groundball, 56, EV 97.5 MPH)
|
|
DELAY
|
Rain delay of 23 minutes in the 6th inning.
|
|
Pitching: LHP Dan Ott
|
|
|
Batting: LHB Adam Barry
|
0-0: Ball 1-0: SINGLE (Groundball, 34D, EV 103.8 MPH)
|
|
Batting: RHB Leo Roman
|
0-0: Called Strike Adam Barry steals 2nd base 0-1: Ball 1-1: Ball 2-1: Fly out, F8 (Flyball, 8LM, EV 91.2 MPH)
|
|
Batting: RHB Allen Wozniak
|
0-0: Foul Ball, location: 2F 0-1: Swinging Strike 0-2: Strikes out swinging
|
| Bottom of the 6th over - 0 runs, 1 hit, 0 errors, 1 left on base; Boise 4 - Brooklyn 0 |
| TOP OF THE 7TH |
|
Boise Hawks batting - Pitching for Brooklyn Cyclones : RHP Alastair Henry
|
|
Pitching: LHP Jose Diaz
|
|
|
Batting: RHB Elias Urbina
|
0-0: Ball 1-0: Reached on error, E1 (Groundball, 25, EV 77.5 MPH)
|
|
Batting: RHB Ryan Rinaldi
|
0-0: Ball 1-0: Ball Wild Pitch! Elias Urbina to third 2-0: Ball 3-0: Called Strike 3-1: Base on Balls
|
|
Batting: RHB Henry Alvizo
|
0-0: Ball 1-0: SINGLE (Line Drive, 7, EV 84.4 MPH) Elias Urbina scores Ryan Rinaldi to second
|
|
Batting: RHB Tyler Stebbins
|
0-0: Swinging Strike 0-1: SINGLE (Line Drive, 8RS, EV 90.6 MPH) Ryan Rinaldi to third Henry Alvizo to second
|
|
Batting: LHB Glenn Lowther
|
0-0: Called Strike 0-1: Foul Ball, location: 2F 0-2: Foul Ball, location: 2F 0-2: Ground out 5-3 (Groundball, 56S, EV 65.6 MPH) Ryan Rinaldi scores Henry Alvizo to third Tyler Stebbins to second
|
|
Batting: RHB Eric Delgado
|
0-0: Called Strike 0-1: Ball 1-1: Ball 2-1: Ball 3-1: Foul Ball, location: 7LSF, Error on foul ball, E7 3-2: DOUBLE (Flyball, 78D, EV 107.5 MPH) Henry Alvizo scores Tyler Stebbins scores
|
|
Batting: SHB Jamie Locke
|
0-0: Ball 1-0: Called Strike 1-1: Ball 2-1: Swinging Strike 2-2: Ball 3-2: Fly out, F8 (Flyball, 78D, EV 101.9 MPH)
|
|
Batting: LHB Zane Kelton
|
0-0: SINGLE (Flyball, 7S, EV 95.6 MPH) Eric Delgado to third Runner from 3rd tries for Home, throw by LF and OUT! 7-2
|
| Top of the 7th over - 4 runs, 4 hits, 2 errors, 1 left on base; Boise 8 - Brooklyn 0 |
| BOTTOM OF THE 7TH |
|
Brooklyn Cyclones batting - Pitching for Boise Hawks : LHP Dan Ott
|
|
Batting: RHB Rongo Olopoto
|
0-0: Called Strike 0-1: Ground out U3 (Groundball, 34S, EV 93.8 MPH)
|
|
Batting: LHB Manny Caldera
|
0-0: Ball 1-0: Ball 2-0: Ball 3-0: Called Strike 3-1: Base on Balls
|
|
Batting: RHB Hyeok Kim
|
0-0: Ball 1-0: Swinging Strike 1-1: Ball 2-1: Ball 3-1: Called Strike 3-2: Fielders Choice at 2nd, 6-4 (Groundball, 6, EV 79.4 MPH)
|
|
Batting: RHB Tony Oria
|
0-0: Ball 1-0: Ball 2-0: Called Strike 2-1: Ground out 4-3 (Groundball, 4, EV 81.2 MPH)
|
| Bottom of the 7th over - 0 runs, 0 hits, 0 errors, 1 left on base; Boise 8 - Brooklyn 0 |
| TOP OF THE 8TH |
|
Boise Hawks batting - Pitching for Brooklyn Cyclones : LHP Jose Diaz
|
|
Pinch Hitting: LHB Joe Miller
|
0-0: Ball 1-0: Ball 2-0: Called Strike 2-1: Ball 3-1: Swinging Strike 3-2: Foul Ball, location: 2F 3-2: Strikes out swinging
|
|
Pitching: RHP Jason Vulich
|
|
|
Batting: RHB Elias Urbina
|
0-0: Called Strike 0-1: Swinging Strike 0-2: Ball 1-2: SINGLE (Groundball, 34, EV 101.9 MPH) (infield hit)
|
|
Batting: RHB Ryan Rinaldi
|
0-0: Fielders Choice at 2nd, 5-4 (Groundball, 15, EV 90.6 MPH)
|
|
Pinch Hitting: RHB Matt Cone
|
0-0: Ball 1-0: Ball 2-0: Called Strike 2-1: Ball 3-1: Ground out 5-3 (Groundball, 56S, EV 87.5 MPH)
|
| Top of the 8th over - 0 runs, 1 hit, 0 errors, 1 left on base; Boise 8 - Brooklyn 0 |
| BOTTOM OF THE 8TH |
|
Brooklyn Cyclones batting - Pitching for Boise Hawks : LHP Dan Ott
|
|
Now at 3B: Matt Cone
|
|
|
Now in RF: Joe Miller
|
|
|
Batting: RHB Mario Trujillo
|
0-0: Ball 1-0: Ground out 6-3 (Groundball, 56, EV 81.9 MPH)
|
|
Batting: LHB Kodai Furuki
|
0-0: Ball 1-0: Ball 2-0: Ball 3-0: Called Strike 3-1: Swinging Strike 3-2: SOLO HOME RUN (Flyball, 78XD, EV 108.1 MPH), Distance : 419 ft
|
|
Batting: LHB Adam Barry
|
0-0: Fly out, F6 (Line Drive, 6, EV 73.8 MPH)
|
|
Batting: RHB Leo Roman
|
0-0: Ball 1-0: Ball 2-0: Ground out 5-3 (Groundball, 5S, EV 68.8 MPH)
|
| Bottom of the 8th over - 1 run, 1 hit, 0 errors, 0 left on base; Boise 8 - Brooklyn 1 |
| TOP OF THE 9TH |
|
Boise Hawks batting - Pitching for Brooklyn Cyclones : RHP Jason Vulich
|
|
Batting: RHB Tyler Stebbins
|
0-0: Ball 1-0: Ball 2-0: Ball 3-0: Base on Balls
|
|
Pinch Hitting: LHB Eddie Gonzalez
|
0-0: Swinging Strike 0-1: Fielders Choice at 2nd, 4-6 (Groundball, 4, EV 86.9 MPH)
|
|
Batting: RHB Eric Delgado
|
0-0: Ball Eddie Gonzalez steals 2nd, throwing error, E2 Eddie Gonzalez to third 1-0: Ball 2-0: Called Strike 2-1: Called Strike 2-2: Ball 3-2: Base on Balls
|
|
Batting: SHB Jamie Locke
|
0-0: Ball 1-0: Ball Wild Pitch! Eddie Gonzalez scores Eric Delgado to second 2-0: Foul Ball, location: 2F 2-1: Called Strike 2-2: SINGLE (Line Drive, 78S, EV 98.8 MPH) Eric Delgado to third
|
|
Batting: LHB Zane Kelton
|
0-0: Ball 1-0: Called Strike 1-1: Ball 2-1: Ball 3-1: Base on Balls Jamie Locke to second
|
|
Batting: LHB Joe Miller
|
0-0: Called Strike 0-1: Foul Ball, location: 2F 0-2: Strikes out swinging
|
|
Batting: RHB Elias Urbina
|
0-0: Called Strike 0-1: Foul Ball, location: 2F 0-2: Ball 1-2: Foul Ball, location: 2F 1-2: Foul Ball, location: 2F 1-2: Ball 2-2: Foul Ball, location: 2F 2-2: SINGLE (Groundball, 15S, EV 72.5 MPH) (infield hit) Eric Delgado scores Jamie Locke to third Zane Kelton to second
|
|
Pitching: RHP Leo Burgos
|
|
|
Batting: RHB Ryan Rinaldi
|
0-0: Called Strike 0-1: Ball 1-1: Ball 2-1: Foul Ball, location: 2F 2-2: Foul Ball, location: 2F 2-2: Strikes out swinging
|
| Top of the 9th over - 2 runs, 2 hits, 1 error, 3 left on base; Boise 10 - Brooklyn 1 |
| BOTTOM OF THE 9TH |
|
Brooklyn Cyclones batting - Pitching for Boise Hawks : LHP Dan Ott
|
|
Pitching: RHP Vas Karamyshev
|
|
|
Now in CF: Eddie Gonzalez
|
|
|
Batting: RHB Allen Wozniak
|
0-0: Ball 1-0: Ball 2-0: Ball 3-0: Base on Balls
|
|
Batting: RHB Rongo Olopoto
|
0-0: Foul Ball, location: 2F 0-1: Foul Ball, location: 2F 0-2: Foul Ball, location: 2F 0-2: Foul Ball, location: 2F 0-2: Foul Ball, location: 2F 0-2: Ball 1-2: Strikes out swinging
|
|
Batting: LHB Manny Caldera
|
0-0: Swinging Strike 0-1: Fielders Choice at 2nd, 4-6 (Groundball, 4, EV 87.5 MPH)
|
|
Pinch Hitting: LHB Victor Ferrermena
|
0-0: Ball 1-0: Swinging Strike 1-1: Foul Ball, location: 2F 1-2: SINGLE (Line Drive, 78M, EV 98.1 MPH) Manny Caldera to second
|
|
Batting: RHB Tony Oria
|
0-0: Ball 1-0: Called Strike 1-1: Foul Ball, location: 2F 1-2: Ball 2-2: Fly out, F9 (Line Drive, 9, EV 90.0 MPH)
|
| Bottom of the 9th over - 0 runs, 1 hit, 0 errors, 2 left on base; Boise 10 - Brooklyn 1 |
|